Detroit Red Wings vs New York Rangers
Created - Friday, December 20, 2024 at 07:50
Goals
|
| Detroit Red Wings |
1 |
1 |
2 |
0 |
4 |
| New York Rangers |
1 |
2 |
1 |
1 |
5 |
|
Shots
|
| Detroit Red Wings |
18 |
12 |
11 |
2 |
43 |
| New York Rangers |
6 |
13 |
3 |
10 |
32 |
|
1st period
1. New York Rangers , Artemi Panarin 2 (Joe Pavelski 4, Igor Shesterkin) at 13:09 (PP)
2. Detroit Red Wings , Steven Stamkos 3 (Patrick Kane 4, Zachary Werenski 4) at 14:28
Penalties :
Christian Fischer (DET) for Cross-checking (Minor) at 12:30
2nd period
3. New York Rangers , Nikolaj Ehlers 2 (Teuvo Teravainen 2) at 13:29
4. Detroit Red Wings , Patrick Kane 3 (MacKenzie Weegar 3, Zachary Werenski 5) at 17:19
5. New York Rangers , Mathew Barzal 3 (Teuvo Teravainen 3) at 17:29
Penalties :
Zachary Werenski (DET) for Slashing (Minor) at 2:33, Jake McCabe (NYR) for Tripping (Minor) at 2:40, Jared McCann (DET) for Hooking (Minor) at 5:26, Jake McCabe (NYR) for Hooking (Minor) at 5:30
3rd period
6. Detroit Red Wings , Mika Zibanejad 2 (Matthew Boldy 2, Carter Verhaeghe 2) at 15:00 (PP)
7. Detroit Red Wings , Matthew Boldy 3 (Mika Zibanejad 3, Zachary Werenski 6) at 15:16
8. New York Rangers , Nathan MacKinnon 2 (Cam Fowler 3, Marcus Foligno 1) at 18:28
Penalties :
Nikolaj Ehlers (NYR) for Holding (Minor) at 10:58, Matthew Benning (NYR) for High sticking (Minor) at 14:48
Overtime #1
9. New York Rangers , Artemi Panarin 3 (Nathan MacKinnon 4, Mathew Barzal 1) at 6:25
Penalties :
No Penalty
Goalie Stats
Calvin Pickard (DET), 27 saves from 32 shots - (0.844), OTL, 3-2-1, 66:25 minutes
Igor Shesterkin (NYR), 39 saves from 43 shots - (0.907), W, 3-3-0, 66:25 minutes
Players Stats for Detroit Red Wings
Player Name G A P +/- PIM S H SB GA TA FO MP PP MP PK MP
------------------------------------------------------------------------------------
Brendan Gallagher 0 0 0 0 0 5 1 0 1 0 0/0 9:42 0:00 0:00
Carter Verhaeghe 0 1 1 0 0 5 1 0 0 0 0/0 20:29 1:15 0:00
Christian Fischer 0 0 0 -1 2 0 0 0 0 1 0/1 13:28 0:00 0:00
Daniel Sprong 0 0 0 -1 0 2 1 2 0 0 0/1 13:00 0:00 0:00
Jackson LaCombe 0 0 0 0 0 2 0 0 0 0 0/0 18:24 0:01 0:27
Jared McCann 0 0 0 0 2 1 1 1 0 0 1/2 20:32 1:01 0:21
Keegan Kolesar 0 0 0 0 0 0 0 0 0 0 0/0 10:11 0:00 0:29
Kevin Shattenkirk 0 0 0 0 0 0 2 0 0 0 0/0 17:44 1:18 0:19
Kevin Stenlund 0 0 0 0 0 0 0 0 0 0 1/4 10:11 0:00 0:29
MacKenzie Weegar 0 1 1 2 0 2 1 3 0 1 0/0 31:27 1:10 0:27
Matthew Boldy 1 1 2 0 0 4 3 0 0 0 0/0 19:22 1:14 0:00
Mika Zibanejad 1 1 2 0 0 7 2 1 2 0 17/30 21:25 1:22 0:21
Patrick Kane 1 1 2 0 0 4 0 2 2 0 0/2 17:38 1:00 0:00
Raphael Lavoie 0 0 0 -1 0 2 3 0 0 0 1/4 16:57 0:07 0:00
Shayne Gostisbehere 0 0 0 -3 0 2 1 1 0 0 0/0 18:47 1:03 0:00
Steven Stamkos 1 0 1 0 0 3 2 0 0 0 16/25 21:10 1:00 0:00
Zach Bogosian 0 0 0 -3 0 3 0 1 0 0 0/0 19:18 0:01 0:11
Zachary Werenski 0 3 3 2 2 1 0 2 3 2 0/0 27:40 1:18 0:16
Players Stats for New York Rangers
Player Name G A P +/- PIM S H SB GA TA FO MP PP MP PK MP
------------------------------------------------------------------------------------
Adam Larsson 0 0 0 0 0 0 3 1 1 2 0/0 24:38 0:00 1:11
Artemi Panarin 2 0 2 0 0 4 3 0 1 0 1/4 19:26 0:39 0:02
Brendan Smith 0 0 0 0 0 0 2 1 0 2 0/0 22:25 0:00 1:11
Cam Fowler 0 1 1 0 0 0 0 2 0 0 0/0 22:25 0:39 0:07
Cole Caufield 0 0 0 -1 0 0 1 0 0 0 0/1 15:14 0:25 0:00
Conor Garland 0 0 0 0 0 3 1 0 1 0 0/0 10:20 0:00 0:00
David Kampf 0 0 0 0 0 1 0 0 1 0 2/5 11:28 0:00 1:05
Dmitry Kulikov 0 0 0 1 0 1 2 0 0 2 0/0 20:26 0:00 0:02
Dylan Strome 0 0 0 0 0 0 2 1 0 1 13/21 19:18 0:25 0:00
Jake McCabe 0 0 0 0 4 2 5 1 0 0 0/0 22:29 0:09 1:09
Joe Pavelski 0 1 1 -1 0 1 2 0 0 0 7/9 15:26 0:25 0:00
Marcus Foligno 0 1 1 0 0 0 2 0 0 1 0/0 11:37 0:00 1:15
Mathew Barzal 1 1 2 2 0 3 2 1 0 0 0/1 17:40 0:25 0:00
Matthew Benning 0 0 0 1 2 0 1 1 0 0 0/0 19:36 0:00 1:04
Mikael Granlund 0 0 0 -1 0 4 2 0 0 0 1/2 16:06 0:00 1:15
Nathan MacKinnon 1 1 2 0 0 3 0 1 0 0 2/3 19:15 0:25 0:02
Nikolaj Ehlers 1 0 1 2 2 8 1 1 0 0 0/0 17:33 0:25 0:00
Teuvo Teravainen 0 2 2 2 0 2 2 1 0 0 7/23 20:30 0:11 1:05
3 Stars
1 - Artemi Panarin (NYR)
2 - Mathew Barzal (NYR)
3 - Teuvo Teravainen (NYR)
Power Play
Detroit Red Wings - 1 on 4 Attempt(s) - 25.00%
New York Rangers - 1 on 3 Attempt(s) - 33.33%
Penalty Kill
Detroit Red Wings - 2 on 3 Attempt(s) - 66.67%
- Score 0 goal in Penalty Kill
New York Rangers - 3 on 4 Attempt(s) - 75.00%
- Score 0 goal in Penalty Kill
Team Stat
Detroit Red Wings - Hits : 18 - Faceoff Wins : 36 - Blocked Shots : 13 - Penalty Minutes : 6
New York Rangers - Hits : 31 - Faceoff Wins : 33 - Blocked Shots : 11 - Penalty Minutes : 8
Official
Referees : Francis Charron and Gord Dwyer
Linesman : Ryan Gibbons and Mitchell Hunt
Game Notes
Patrick Kane is injured at 0:36 of 1st overtime period (Left Hip)
Finance
Level 1 -- Attendance: 4971 (82.85%) -- Ticket Income $507,042
Level 2 -- Attendance: 4048 (80.96%) -- Ticket Income $255,024
Level 3 -- Attendance: 2455 (81.83%) -- Ticket Income $100,655
Level 4 -- Attendance: 3763 (75.26%) -- Ticket Income $105,364
Luxury Box -- Attendance: 901 (90.10%) -- Ticket Income $175,695
Game was played at the Madison Square Garden.
Total Attendance: 16138 (80.69%)
Total Ticket Income: $1,143,780
Other Income: $400,323
Total Income: $1,544,103
Detroit Red Wings
5 vs 5 Forward
Center Left Wing Right Wing Time % Phy DF OF
1 Mika Zibanejad Carter Verhaeghe Matthew Boldy 35 1 2 2
2 Steven Stamkos Jared McCann Patrick Kane 35 1 1 3
3 Raphael Lavoie Daniel Sprong Christian Fischer 20 1 2 2
4 Kevin Stenlund Brendan Gallagher Keegan Kolesar 10 2 2 1
5 vs 5 Defense
Defense Defense Time % Phy DF OF
1 Zachary Werenski MacKenzie Weegar 40 1 2 2
2 Zach Bogosian Shayne Gostisbehere 30 1 2 2
3 Jackson LaCombe Kevin Shattenkirk 20 3 1 1
4 Jackson LaCombe MacKenzie Weegar 10 1 2 2
PowerPlay Forward
Center Left Wing Right Wing Time % Phy DF OF
1 Steven Stamkos Jared McCann Patrick Kane 50 0 1 4
2 Mika Zibanejad Carter Verhaeghe Matthew Boldy 50 0 1 4
PowerPlay Defense
Defense Defense Time % Phy DF OF
1 Shayne Gostisbehere MacKenzie Weegar 50 1 2 2
2 Zachary Werenski Kevin Shattenkirk 50 1 2 2
Penalty Kill 4 Players Forward
Center Wing Time % Phy DF OF
1 Mika Zibanejad Jared McCann 50 2 2 1
2 Kevin Stenlund Keegan Kolesar 50 2 2 1
Penalty Kill 4 Players Defense
Defense Defense Time % Phy DF OF
1 Jackson LaCombe MacKenzie Weegar 50 2 2 1
2 Zach Bogosian Zachary Werenski 50 2 2 1
Penalty Kill - 3 Players Forward
Forward Time % Phy DF OF
1 Mika Zibanejad 50 1 2 2
2 Steven Stamkos 50 1 2 2
Penalty Kill - 3 Players Defense
Defense Defense Time % Phy DF OF
1 Jackson LaCombe MacKenzie Weegar 50 1 2 2
2 Zach Bogosian Zachary Werenski 50 2 2 1
4 vs 4 Forward
Center Wing Time % Phy DF OF
1 Mika Zibanejad Carter Verhaeghe 60 1 2 2
2 Steven Stamkos Matthew Boldy 40 1 1 3
4 vs 4 Defense
Defense Defense Time % Phy DF OF
1 Zachary Werenski MacKenzie Weegar 60 1 2 2
2 Zach Bogosian Jackson LaCombe 40 1 2 2
Last Minutes Offensive
Center Left Wing Right Wing Defense Defense
Mika Zibanejad Carter Verhaeghe Matthew Boldy Zachary Werenski MacKenzie Weegar
Last Minutes Defensive
Center Left Wing Right Wing Defense Defense
Mika Zibanejad Carter Verhaeghe Matthew Boldy Zachary Werenski MacKenzie Weegar
Goaltenders
Starting : Calvin Pickard
Backup : Laurent Brossoit
Extra Forwards
Normal : Raphael Lavoie, Christian Fischer, Daniel Sprong - PP : Kevin Stenlund, Daniel Sprong - PK : Steven Stamkos
Extra Defensemen
Normal : Kevin Shattenkirk, Jackson LaCombe, MacKenzie Weegar - PP : Kevin Shattenkirk - PK : Kevin Shattenkirk, Jackson LaCombe
Penalty Shots
Mika Zibanejad, Steven Stamkos, Matthew Boldy, Carter Verhaeghe, Jared McCann
Scratches
Alexander Barabanov (Healthy), Philippe Myers (Healthy), Vitek Vanecek (Healthy)
New York Rangers
5 vs 5 Forward
Center Left Wing Right Wing Time % Phy DF OF
1 Dylan Strome Artemi Panarin Nathan MacKinnon 30 0 1 4
2 Teuvo Teravainen Nikolaj Ehlers Mathew Barzal 30 0 2 3
3 Joe Pavelski Cole Caufield Mikael Granlund 25 1 2 2
4 David Kampf Marcus Foligno Conor Garland 15 1 2 2
5 vs 5 Defense
Defense Defense Time % Phy DF OF
1 Adam Larsson Jake McCabe 36 1 2 2
2 Cam Fowler Brendan Smith 33 1 2 2
3 Matthew Benning Dmitry Kulikov 31 1 2 2
4 Cam Fowler Adam Larsson 0 1 2 2
PowerPlay Forward
Center Left Wing Right Wing Time % Phy DF OF
1 Dylan Strome Cole Caufield Nathan MacKinnon 50 0 1 4
2 Joe Pavelski Nikolaj Ehlers Mathew Barzal 50 0 2 3
PowerPlay Defense
Defense Defense Time % Phy DF OF
1 Cam Fowler Artemi Panarin 50 0 2 3
2 Jake McCabe Teuvo Teravainen 50 0 2 3
Penalty Kill 4 Players Forward
Center Wing Time % Phy DF OF
1 Mikael Granlund Marcus Foligno 50 1 3 1
2 David Kampf Teuvo Teravainen 50 1 3 1
Penalty Kill 4 Players Defense
Defense Defense Time % Phy DF OF
1 Matthew Benning Adam Larsson 50 1 3 1
2 Jake McCabe Brendan Smith 50 1 3 1
Penalty Kill - 3 Players Forward
Forward Time % Phy DF OF
1 David Kampf 50 1 3 1
2 Mikael Granlund 50 1 3 1
Penalty Kill - 3 Players Defense
Defense Defense Time % Phy DF OF
1 Matthew Benning Adam Larsson 50 1 3 1
2 Jake McCabe Brendan Smith 50 1 3 1
4 vs 4 Forward
Center Wing Time % Phy DF OF
1 Nathan MacKinnon Artemi Panarin 50 1 2 2
2 Dylan Strome Teuvo Teravainen 50 1 2 2
4 vs 4 Defense
Defense Defense Time % Phy DF OF
1 Cam Fowler Adam Larsson 50 1 2 2
2 Jake McCabe Brendan Smith 50 1 2 2
Last Minutes Offensive
Center Left Wing Right Wing Defense Defense
Dylan Strome Artemi Panarin Nathan MacKinnon Jake McCabe Cam Fowler
Last Minutes Defensive
Center Left Wing Right Wing Defense Defense
David Kampf Marcus Foligno Mikael Granlund Matthew Benning Adam Larsson
Goaltenders
Starting : Igor Shesterkin
Backup : Kevin Lankinen
Extra Forwards
Normal : Joe Pavelski, Teuvo Teravainen, Dylan Strome - PP : David Kampf, Teuvo Teravainen - PK : Dylan Strome
Extra Defensemen
Normal : Dmitry Kulikov, Matthew Benning, Jake McCabe - PP : Dmitry Kulikov - PK : Matthew Benning, Jake McCabe
Penalty Shots
Artemi Panarin, Cole Caufield, David Kampf, Nathan MacKinnon, Joe Pavelski
Scratches
None
% Time on Ice - Detroit Red Wings
Lines # - Real PCT - Wanted PCT - Time Play
Normal Forward
1 - 31% - 35% - 18:26
2 - 31% - 35% - 18:43
3 - 21% - 20% - 12:35
4 - 16% - 10% - 9:42
Normal Defense
1 - 42% - 40% - 24:40
2 - 31% - 30% - 18:12
3 - 22% - 20% - 13:11
4 - 6% - 10% - 3:23
PP Forward
1 - 48% - 50% - 1:08
2 - 52% - 50% - 1:14
PP Defense
1 - 49% - 50% - 1:10
2 - 51% - 50% - 1:12
PK Forward
1 - 42% - 50% - 0:21
2 - 58% - 50% - 0:29
PK Defense
1 - 54% - 50% - 0:27
2 - 46% - 50% - 0:23
PK3 Forward
1 - 0% - 50%
2 - 0% - 50%
PK3 Defense
1 - 0% - 50%
2 - 0% - 50%
44 Forward
1 - 74% - 60% - 2:48
2 - 26% - 40% - 0:59
44 Defense
1 - 64% - 60% - 2:25
2 - 36% - 40% - 1:22
Last Minute Offensive - 0:00
Last Minute Defensive - 0:00
Total
Forward - 66:25
Defense - 66:25
|
% Time on Ice - New York Rangers
Lines # - Real PCT - Wanted PCT - Time Play
Normal Forward
1 - 29% - 30% - 17:08
2 - 29% - 30% - 17:09
3 - 25% - 25% - 14:49
4 - 17% - 15% - 10:20
Normal Defense
1 - 35% - 36% - 20:48
2 - 33% - 33% - 19:22
3 - 31% - 31% - 18:32
4 - 1% - 0% - 0:44
PP Forward
1 - 50% - 50% - 0:25
2 - 50% - 50% - 0:25
PP Defense
1 - 78% - 50% - 0:39
2 - 22% - 50% - 0:11
PK Forward
1 - 54% - 50% - 1:17
2 - 46% - 50% - 1:05
PK Defense
1 - 50% - 50% - 1:11
2 - 50% - 50% - 1:11
PK3 Forward
1 - 0% - 50%
2 - 0% - 50%
PK3 Defense
1 - 0% - 50%
2 - 0% - 50%
44 Forward
1 - 49% - 50% - 1:51
2 - 51% - 50% - 1:56
44 Defense
1 - 51% - 50% - 1:55
2 - 49% - 50% - 1:52
Last Minute Offensive - 0:00
Last Minute Defensive - 0:00
Total
Forward - 66:25
Defense - 66:25
|
Play-by-Play
1st period
0:01 of 1st period - Dylan Strome wins face-off versus Mika Zibanejad in neutral zone.
0:12 of 1st period - Slapshot by Mika Zibanejad.
0:12 of 1st period - Stopped by Igor Shesterkin with a rebound.
0:14 of 1st period - Snap shot by Matthew Boldy.
0:14 of 1st period - Stopped by Igor Shesterkin without a rebound.
0:15 of 1st period - Steven Stamkos wins face-off versus Teuvo Teravainen in New York Rangers zone.
0:42 of 1st period - Zach Bogosian is hit by Marcus Foligno.
0:50 of 1st period - Slapshot by Christian Fischer.
0:50 of 1st period - Shot Misses the Net.
1:06 of 1st period - Joe Pavelski is hit by Kevin Shattenkirk and loses puck.
2:08 of 1st period - Shayne Gostisbehere is hit by Jake McCabe and loses puck.
2:57 of 1st period - Snap shot by Brendan Gallagher.
2:57 of 1st period - Stopped by Igor Shesterkin without a rebound.
2:58 of 1st period - Nathan MacKinnon wins face-off versus Kevin Stenlund in New York Rangers zone.
3:54 of 1st period - Snap shot by Nathan MacKinnon.
3:54 of 1st period - Shot Misses the Net.
3:56 of 1st period - Wrist shot by Nathan MacKinnon.
3:56 of 1st period - Deflect By Artemi Panarin.
3:56 of 1st period - Stopped by Calvin Pickard without a rebound.
3:57 of 1st period - Mika Zibanejad wins face-off versus Teuvo Teravainen in Detroit Red Wings zone.
4:03 of 1st period - Slapshot by Jackson LaCombe.
4:03 of 1st period - Shot Misses the Net.
4:05 of 1st period - Snap shot by Jackson LaCombe.
4:05 of 1st period - Stopped by Igor Shesterkin without a rebound.
4:06 of 1st period - Teuvo Teravainen wins face-off versus Mika Zibanejad in New York Rangers zone.
4:15 of 1st period - Snap shot by Mika Zibanejad.
4:15 of 1st period - Shot Misses the Net.
4:17 of 1st period - Slapshot by Zach Bogosian.
4:17 of 1st period - Stopped by Igor Shesterkin with a rebound.
4:21 of 1st period - Wrist shot by Carter Verhaeghe.
4:21 of 1st period - Shot Misses the Net.
4:23 of 1st period - Snap shot by Matthew Boldy.
4:23 of 1st period - Shot Blocked by Cam Fowler.
4:25 of 1st period - Snap shot by Matthew Boldy.
4:25 of 1st period - Deflect By Carter Verhaeghe.
4:25 of 1st period - Deflect By Cam Fowler.
4:25 of 1st period - Stopped by Igor Shesterkin with a rebound.
4:27 of 1st period - Slapshot by Zach Bogosian.
4:27 of 1st period - Shot Blocked by Brendan Smith.
4:29 of 1st period - Slapshot by Zach Bogosian.
4:29 of 1st period - Stopped by Igor Shesterkin with a rebound.
4:39 of 1st period - Wrist shot by Matthew Boldy.
4:39 of 1st period - Shot Misses the Net.
4:41 of 1st period - Wrist shot by MacKenzie Weegar.
4:41 of 1st period - Shot Blocked by Cam Fowler.
4:43 of 1st period - Snap shot by Carter Verhaeghe.
4:43 of 1st period - Stopped by Igor Shesterkin with a rebound.
4:45 of 1st period - Slapshot by Jackson LaCombe.
4:45 of 1st period - Shot Blocked by Nikolaj Ehlers.
4:47 of 1st period - Snap shot by Mika Zibanejad.
4:47 of 1st period - Stopped by Igor Shesterkin with a rebound.
5:13 of 1st period - Slapshot by Matthew Boldy.
5:13 of 1st period - Stopped by Igor Shesterkin without a rebound.
5:14 of 1st period - Joe Pavelski wins face-off versus Steven Stamkos in New York Rangers zone.
5:47 of 1st period - Wrist shot by Mikael Granlund.
5:47 of 1st period - Shot Misses the Net.
5:57 of 1st period - Snap shot by Joe Pavelski.
5:57 of 1st period - Stopped by Calvin Pickard without a rebound.
5:58 of 1st period - Raphael Lavoie wins face-off versus David Kampf in Detroit Red Wings zone.
6:23 of 1st period - Zach Bogosian is hit by Dmitry Kulikov and loses puck.
7:11 of 1st period - Slapshot by Mika Zibanejad.
7:11 of 1st period - Stopped by Igor Shesterkin with a rebound.
7:13 of 1st period - Wrist shot by Carter Verhaeghe.
7:13 of 1st period - Shot Misses the Net.
7:15 of 1st period - Slapshot by Jackson LaCombe.
7:15 of 1st period - Stopped by Igor Shesterkin without a rebound.
7:16 of 1st period - Joe Pavelski wins face-off versus Jared McCann in New York Rangers zone.
7:42 of 1st period - MacKenzie Weegar is hit by Artemi Panarin and loses puck.
7:53 of 1st period - Slapshot by Nathan MacKinnon.
7:53 of 1st period - Stopped by Calvin Pickard with a rebound.
9:50 of 1st period - Slapshot by Patrick Kane.
9:50 of 1st period - Shot Hit the Post.
9:58 of 1st period - Backhand shot by Conor Garland.
9:58 of 1st period - Shot Blocked by Patrick Kane.
10:00 of 1st period - Wrist shot by Marcus Foligno.
10:00 of 1st period - Shot Misses the Net.
10:16 of 1st period - Wrist shot by Brendan Gallagher.
10:16 of 1st period - Stopped by Igor Shesterkin with a rebound.
10:58 of 1st period - Snap shot by Matthew Boldy.
10:58 of 1st period - Stopped by Igor Shesterkin without a rebound.
10:59 of 1st period - Joe Pavelski wins face-off versus Steven Stamkos in New York Rangers zone.
10:59 of 1st period - Joe Pavelski is hit by Steven Stamkos.
11:59 of 1st period - Snap shot by Daniel Sprong.
11:59 of 1st period - Deflect By Marcus Foligno.
11:59 of 1st period - Stopped by Igor Shesterkin with a rebound.
12:01 of 1st period - Wrist shot by Raphael Lavoie.
12:01 of 1st period - Stopped by Igor Shesterkin with a rebound.
12:03 of 1st period - Slapshot by Shayne Gostisbehere.
12:03 of 1st period - Stopped by Igor Shesterkin with a rebound.
12:30 of 1st period - Minor Penalty to Christian Fischer for Cross-checking.
12:31 of 1st period - Mika Zibanejad wins face-off versus Dylan Strome in Detroit Red Wings zone.
12:39 of 1st period - MacKenzie Weegar is hit by Cole Caufield and loses puck.
13:09 of 1st period - Slapshot by Artemi Panarin.
13:09 of 1st period - Goal by Artemi Panarin - Detroit Red Wings : 0 - New York Rangers : 1.
13:10 of 1st period - Mika Zibanejad wins face-off versus Dylan Strome in neutral zone.
13:13 of 1st period - Nathan MacKinnon is hit by MacKenzie Weegar and loses puck.
13:22 of 1st period - Snap shot by Matthew Boldy.
13:22 of 1st period - Shot Blocked by Matthew Benning.
13:41 of 1st period - MacKenzie Weegar is hit by Jake McCabe and loses puck.
14:28 of 1st period - Snap shot by Steven Stamkos.
14:28 of 1st period - Goal by Steven Stamkos - Detroit Red Wings : 1 - New York Rangers : 1.
14:29 of 1st period - Mika Zibanejad wins face-off versus Teuvo Teravainen in neutral zone.
14:34 of 1st period - Wrist shot by Matthew Boldy.
14:34 of 1st period - Shot Blocked by Mathew Barzal.
15:19 of 1st period - Dmitry Kulikov is hit by Shayne Gostisbehere.
15:27 of 1st period - Snap shot by Conor Garland.
15:27 of 1st period - Deflect By David Kampf.
15:27 of 1st period - Shot Misses the Net.
15:27 of 1st period - Puck is out of play.
15:28 of 1st period - Mika Zibanejad wins face-off versus Teuvo Teravainen in Detroit Red Wings zone.
15:37 of 1st period - Snap shot by Matthew Boldy.
15:37 of 1st period - Shot Misses the Net.
15:57 of 1st period - Wrist shot by Teuvo Teravainen.
15:57 of 1st period - Stopped by Calvin Pickard with a rebound.
16:05 of 1st period - Backhand shot by Mikael Granlund.
16:05 of 1st period - Stopped by Calvin Pickard with a rebound.
16:26 of 1st period - Off-side.
16:27 of 1st period - Mika Zibanejad wins face-off versus Teuvo Teravainen in neutral zone.
17:02 of 1st period - Wrist shot by Cole Caufield.
17:02 of 1st period - Shot Misses the Net.
17:04 of 1st period - Snap shot by Matthew Benning.
17:04 of 1st period - Shot Blocked by Zach Bogosian.
17:38 of 1st period - Zachary Werenski is hit by Marcus Foligno and loses puck.
18:11 of 1st period - Slapshot by Mathew Barzal.
18:11 of 1st period - Shot Blocked by MacKenzie Weegar.
19:32 of 1st period - Carter Verhaeghe is hit by Dmitry Kulikov and loses puck.
19:49 of 1st period - Matthew Boldy is hit by Brendan Smith and loses puck.
19:54 of 1st period - Wrist shot by Cole Caufield.
19:54 of 1st period - Shot Blocked by Shayne Gostisbehere.
19:56 of 1st period - Snap shot by Mikael Granlund.
19:56 of 1st period - Shot Misses the Net.
Goals for this period are 1 for Detroit Red Wings vs 1 for New York Rangers.
Shots for this period are 18 for Detroit Red Wings vs 6 for New York Rangers.
2nd period
0:01 of 2nd period - Steven Stamkos wins face-off versus Mathew Barzal in neutral zone.
0:06 of 2nd period - Snap shot by Patrick Kane.
0:06 of 2nd period - Stopped by Igor Shesterkin without a rebound.
0:07 of 2nd period - Steven Stamkos wins face-off versus Teuvo Teravainen in New York Rangers zone.
0:10 of 2nd period - Snap shot by Patrick Kane.
0:10 of 2nd period - Shot Misses the Net.
0:12 of 2nd period - Slapshot by Jared McCann.
0:12 of 2nd period - Deflect By Patrick Kane.
0:12 of 2nd period - Stopped by Igor Shesterkin with a rebound.
0:14 of 2nd period - Slapshot by Zachary Werenski.
0:14 of 2nd period - Deflect By Patrick Kane.
0:14 of 2nd period - Stopped by Igor Shesterkin with a rebound.
0:16 of 2nd period - Slapshot by Patrick Kane.
0:16 of 2nd period - Shot Misses the Net.
1:42 of 2nd period - Dmitry Kulikov is hit by Daniel Sprong and loses puck.
2:02 of 2nd period - Icing by Artemi Panarin.
2:03 of 2nd period - Dylan Strome wins face-off versus Steven Stamkos in New York Rangers zone.
2:17 of 2nd period - Icing by Cam Fowler.
2:18 of 2nd period - Artemi Panarin wins face-off versus Mika Zibanejad in New York Rangers zone.
2:18 of 2nd period - Artemi Panarin is hit by Matthew Boldy.
2:33 of 2nd period - Minor Penalty to Zachary Werenski for Slashing.
2:34 of 2nd period - Joe Pavelski wins face-off versus Mika Zibanejad in Detroit Red Wings zone.
2:40 of 2nd period - Minor Penalty to Jake McCabe for Tripping.
2:41 of 2nd period - Mika Zibanejad wins face-off versus Nathan MacKinnon in New York Rangers zone.
3:59 of 2nd period - MacKenzie Weegar is hit by Dylan Strome and loses puck.
4:12 of 2nd period - Dylan Strome is hit by Steven Stamkos and loses puck.
4:33 of 2nd period - Penalty to Zachary Werenski is over, Zachary Werenski is back on ice.
4:35 of 2nd period - Snap shot by Mika Zibanejad.
4:35 of 2nd period - Stopped by Igor Shesterkin with a rebound.
4:40 of 2nd period - Penalty to Jake McCabe is over, Jake McCabe is back on ice.
4:47 of 2nd period - Cole Caufield is hit by Mika Zibanejad and loses puck.
4:56 of 2nd period - Raphael Lavoie is hit by Adam Larsson and loses puck.
5:11 of 2nd period - Wrist shot by Steven Stamkos.
5:11 of 2nd period - Shot Misses the Net.
5:13 of 2nd period - Slapshot by MacKenzie Weegar.
5:13 of 2nd period - Stopped by Igor Shesterkin with a rebound.
5:15 of 2nd period - Wrist shot by Patrick Kane.
5:15 of 2nd period - Deflect By Steven Stamkos.
5:15 of 2nd period - Stopped by Igor Shesterkin without a rebound.
5:16 of 2nd period - Steven Stamkos wins face-off versus Teuvo Teravainen in New York Rangers zone.
5:26 of 2nd period - Minor Penalty to Jared McCann for Hooking.
5:27 of 2nd period - Dylan Strome wins face-off versus Kevin Stenlund in Detroit Red Wings zone.
5:30 of 2nd period - Minor Penalty to Jake McCabe for Hooking.
5:31 of 2nd period - Mika Zibanejad wins face-off versus Dylan Strome in New York Rangers zone.
6:01 of 2nd period - Wrist shot by Carter Verhaeghe.
6:01 of 2nd period - Stopped by Igor Shesterkin without a rebound.
6:02 of 2nd period - Nathan MacKinnon wins face-off versus Mika Zibanejad in New York Rangers zone.
6:11 of 2nd period - Carter Verhaeghe is hit by Artemi Panarin and loses puck.
7:26 of 2nd period - Penalty to Jared McCann is over, Jared McCann is back on ice.
7:30 of 2nd period - Penalty to Jake McCabe is over, Jake McCabe is back on ice.
7:46 of 2nd period - Patrick Kane is hit by Joe Pavelski and loses puck.
7:57 of 2nd period - Snap shot by Conor Garland.
7:57 of 2nd period - Stopped by Calvin Pickard without a rebound.
7:58 of 2nd period - David Kampf wins face-off versus Raphael Lavoie in Detroit Red Wings zone.
8:26 of 2nd period - Wrist shot by Marcus Foligno.
8:26 of 2nd period - Deflect By Mathew Barzal.
8:26 of 2nd period - Deflect By Shayne Gostisbehere.
8:26 of 2nd period - Stopped by Calvin Pickard with a rebound.
8:50 of 2nd period - Wrist shot by Mathew Barzal.
8:50 of 2nd period - Shot Blocked by Mika Zibanejad.
8:52 of 2nd period - Wrist shot by Dylan Strome.
8:52 of 2nd period - Shot Misses the Net.
9:29 of 2nd period - Brendan Gallagher is hit by Jake McCabe and loses puck.
9:46 of 2nd period - Wrist shot by Mika Zibanejad.
9:46 of 2nd period - Stopped by Igor Shesterkin without a rebound.
9:47 of 2nd period - Mika Zibanejad wins face-off versus Teuvo Teravainen in New York Rangers zone.
10:04 of 2nd period - Snap shot by Nikolaj Ehlers.
10:04 of 2nd period - Stopped by Calvin Pickard without a rebound.
10:05 of 2nd period - Steven Stamkos wins face-off versus Dylan Strome in Detroit Red Wings zone.
10:05 of 2nd period - Steven Stamkos is hit by Adam Larsson.
10:13 of 2nd period - Wrist shot by Nathan MacKinnon.
10:13 of 2nd period - Stopped by Calvin Pickard without a rebound.
10:14 of 2nd period - Dylan Strome wins face-off versus Patrick Kane in Detroit Red Wings zone.
10:17 of 2nd period - Slapshot by Nathan MacKinnon.
10:17 of 2nd period - Deflect By Artemi Panarin.
10:17 of 2nd period - Stopped by Calvin Pickard without a rebound.
10:18 of 2nd period - Steven Stamkos wins face-off versus Teuvo Teravainen in Detroit Red Wings zone.
10:18 of 2nd period - Steven Stamkos is hit by Mathew Barzal.
10:26 of 2nd period - Snap shot by Steven Stamkos.
10:26 of 2nd period - Shot Misses the Net.
11:30 of 2nd period - Slapshot by Mikael Granlund.
11:30 of 2nd period - Stopped by Calvin Pickard with a rebound.
12:44 of 2nd period - Kevin Stenlund is hit by Jake McCabe.
13:25 of 2nd period - Slapshot by Nikolaj Ehlers.
13:25 of 2nd period - Shot Hit the Post.
13:27 of 2nd period - Slapshot by Nikolaj Ehlers.
13:27 of 2nd period - Stopped by Calvin Pickard with a rebound.
13:29 of 2nd period - Wrist shot by Nikolaj Ehlers.
13:29 of 2nd period - Goal by Nikolaj Ehlers - Detroit Red Wings : 1 - New York Rangers : 2.
13:30 of 2nd period - Dylan Strome wins face-off versus Steven Stamkos in neutral zone.
13:35 of 2nd period - Wrist shot by Artemi Panarin.
13:35 of 2nd period - Shot Blocked by MacKenzie Weegar.
13:43 of 2nd period - Wrist shot by MacKenzie Weegar.
13:43 of 2nd period - Stopped by Igor Shesterkin without a rebound.
13:44 of 2nd period - Teuvo Teravainen wins face-off versus Mika Zibanejad in New York Rangers zone.
13:44 of 2nd period - Teuvo Teravainen is hit by Matthew Boldy.
13:56 of 2nd period - Mika Zibanejad is hit by Teuvo Teravainen and loses puck.
15:40 of 2nd period - Kevin Stenlund is hit by Joe Pavelski.
16:06 of 2nd period - Snap shot by Brendan Gallagher.
16:06 of 2nd period - Stopped by Igor Shesterkin without a rebound.
16:07 of 2nd period - Steven Stamkos wins face-off versus Dylan Strome in New York Rangers zone.
16:20 of 2nd period - Wrist shot by Steven Stamkos.
16:20 of 2nd period - Shot Blocked by Nathan MacKinnon.
16:22 of 2nd period - Wrist shot by Steven Stamkos.
16:22 of 2nd period - Shot Misses the Net.
16:34 of 2nd period - Matthew Boldy is hit by Teuvo Teravainen and loses puck.
17:19 of 2nd period - Slapshot by Patrick Kane.
17:19 of 2nd period - Goal by Patrick Kane - Detroit Red Wings : 2 - New York Rangers : 2.
17:20 of 2nd period - Teuvo Teravainen wins face-off versus Steven Stamkos in neutral zone.
17:29 of 2nd period - Snap shot by Mathew Barzal.
17:29 of 2nd period - Goal by Mathew Barzal - Detroit Red Wings : 2 - New York Rangers : 3.
17:30 of 2nd period - Dylan Strome wins face-off versus Steven Stamkos in neutral zone.
18:19 of 2nd period - Wrist shot by Mikael Granlund.
18:19 of 2nd period - Stopped by Calvin Pickard without a rebound.
18:20 of 2nd period - Joe Pavelski wins face-off versus Raphael Lavoie in Detroit Red Wings zone.
18:25 of 2nd period - Wrist shot by Mikael Granlund.
18:25 of 2nd period - Stopped by Calvin Pickard with a rebound.
18:51 of 2nd period - Snap shot by Nikolaj Ehlers.
18:51 of 2nd period - Stopped by Calvin Pickard without a rebound.
18:52 of 2nd period - Steven Stamkos wins face-off versus Teuvo Teravainen in Detroit Red Wings zone.
18:52 of 2nd period - Steven Stamkos is hit by Nikolaj Ehlers.
19:05 of 2nd period - Off-side.
19:06 of 2nd period - Mika Zibanejad wins face-off versus Artemi Panarin in neutral zone.
19:09 of 2nd period - Snap shot by Zachary Werenski.
19:09 of 2nd period - Stopped by Igor Shesterkin without a rebound.
19:10 of 2nd period - Dylan Strome wins face-off versus Mika Zibanejad in New York Rangers zone.
19:15 of 2nd period - Slapshot by Jake McCabe.
19:15 of 2nd period - Stopped by Calvin Pickard without a rebound.
19:16 of 2nd period - Dylan Strome wins face-off versus Mika Zibanejad in Detroit Red Wings zone.
19:19 of 2nd period - Snap shot by Nathan MacKinnon.
19:19 of 2nd period - Deflect By Artemi Panarin.
19:19 of 2nd period - Shot Misses the Net.
19:19 of 2nd period - Puck is out of play.
19:20 of 2nd period - Dylan Strome wins face-off versus Steven Stamkos in Detroit Red Wings zone.
19:29 of 2nd period - Snap shot by Nathan MacKinnon.
19:29 of 2nd period - Shot Blocked by Zachary Werenski.
19:35 of 2nd period - Snap shot by Patrick Kane.
19:35 of 2nd period - Shot Blocked by Dylan Strome.
19:47 of 2nd period - Wrist shot by Mika Zibanejad.
19:47 of 2nd period - Shot Blocked by Jake McCabe.
19:53 of 2nd period - Mika Zibanejad is hit by Jake McCabe and loses puck.
Goals for this period are 1 for Detroit Red Wings vs 2 for New York Rangers.
Shots for this period are 12 for Detroit Red Wings vs 13 for New York Rangers.
3rd period
0:01 of 3rd period - Jared McCann wins face-off versus Artemi Panarin in neutral zone.
0:32 of 3rd period - Matthew Boldy is hit by Mathew Barzal and loses puck.
1:10 of 3rd period - Slapshot by Dmitry Kulikov.
1:10 of 3rd period - Deflect By Zach Bogosian.
1:10 of 3rd period - Stopped by Calvin Pickard with a rebound.
1:12 of 3rd period - Slapshot by Dmitry Kulikov.
1:12 of 3rd period - Deflect By David Kampf.
1:12 of 3rd period - Shot Misses the Net.
1:12 of 3rd period - Puck is out of play.
1:13 of 3rd period - Dylan Strome wins face-off versus Steven Stamkos in Detroit Red Wings zone.
1:40 of 3rd period - Teuvo Teravainen is hit by Matthew Boldy and loses puck.
2:07 of 3rd period - MacKenzie Weegar is hit by Mikael Granlund and loses puck.
2:51 of 3rd period - Zach Bogosian is hit by Artemi Panarin and loses puck.
2:56 of 3rd period - Wrist shot by Artemi Panarin.
2:56 of 3rd period - Shot Misses the Net.
3:36 of 3rd period - Slapshot by Brendan Gallagher.
3:36 of 3rd period - Shot Misses the Net.
5:00 of 3rd period - Wrist shot by Daniel Sprong.
5:00 of 3rd period - Stopped by Igor Shesterkin without a rebound.
5:01 of 3rd period - Dylan Strome wins face-off versus Daniel Sprong in New York Rangers zone.
5:28 of 3rd period - Patrick Kane is hit by Matthew Benning and loses puck.
5:59 of 3rd period - Snap shot by Mika Zibanejad.
5:59 of 3rd period - Stopped by Igor Shesterkin without a rebound.
6:00 of 3rd period - Steven Stamkos wins face-off versus Dylan Strome in New York Rangers zone.
6:38 of 3rd period - Wrist shot by Carter Verhaeghe.
6:38 of 3rd period - Stopped by Igor Shesterkin without a rebound.
6:39 of 3rd period - Steven Stamkos wins face-off versus Dylan Strome in New York Rangers zone.
8:28 of 3rd period - Backhand shot by Steven Stamkos.
8:28 of 3rd period - Shot Blocked by Adam Larsson.
8:58 of 3rd period - Adam Larsson is hit by Raphael Lavoie and loses puck.
10:25 of 3rd period - Snap shot by Mika Zibanejad.
10:25 of 3rd period - Shot Misses the Net.
10:37 of 3rd period - Shayne Gostisbehere is hit by Dylan Strome and loses puck.
10:43 of 3rd period - Icing by Shayne Gostisbehere.
10:44 of 3rd period - Steven Stamkos wins face-off versus Teuvo Teravainen in Detroit Red Wings zone.
10:53 of 3rd period - Snap shot by Patrick Kane.
10:53 of 3rd period - Shot Misses the Net.
10:55 of 3rd period - Snap shot by Jared McCann.
10:55 of 3rd period - Stopped by Igor Shesterkin without a rebound.
10:56 of 3rd period - Teuvo Teravainen wins face-off versus Mika Zibanejad in New York Rangers zone.
10:58 of 3rd period - Minor Penalty to Nikolaj Ehlers for Holding.
10:59 of 3rd period - David Kampf wins face-off versus Mika Zibanejad in New York Rangers zone.
10:59 of 3rd period - David Kampf is hit by Kevin Shattenkirk.
11:29 of 3rd period - Snap shot by Steven Stamkos.
11:29 of 3rd period - Stopped by Igor Shesterkin without a rebound.
11:30 of 3rd period - Mikael Granlund wins face-off versus Steven Stamkos in New York Rangers zone.
11:41 of 3rd period - Slapshot by Shayne Gostisbehere.
11:41 of 3rd period - Stopped by Igor Shesterkin without a rebound.
11:42 of 3rd period - Mika Zibanejad wins face-off versus David Kampf in New York Rangers zone.
12:39 of 3rd period - Shayne Gostisbehere is hit by Mikael Granlund and loses puck.
12:58 of 3rd period - Penalty to Nikolaj Ehlers is over, Nikolaj Ehlers is back on ice.
13:08 of 3rd period - Christian Fischer is hit by Brendan Smith and loses puck.
13:24 of 3rd period - Icing by Jackson LaCombe.
13:25 of 3rd period - Joe Pavelski wins face-off versus Raphael Lavoie in Detroit Red Wings zone.
13:30 of 3rd period - Snap shot by Mikael Granlund.
13:30 of 3rd period - Shot Blocked by Daniel Sprong.
13:44 of 3rd period - Snap shot by Raphael Lavoie.
13:44 of 3rd period - Stopped by Igor Shesterkin without a rebound.
13:45 of 3rd period - Teuvo Teravainen wins face-off versus Mika Zibanejad in New York Rangers zone.
14:22 of 3rd period - Wrist shot by Artemi Panarin.
14:22 of 3rd period - Shot Misses the Net.
14:24 of 3rd period - Slapshot by Adam Larsson.
14:24 of 3rd period - Deflect By Artemi Panarin.
14:24 of 3rd period - Shot Misses the Net.
14:24 of 3rd period - Puck is out of play.
14:25 of 3rd period - Mika Zibanejad wins face-off versus Joe Pavelski in Detroit Red Wings zone.
14:48 of 3rd period - Minor Penalty to Matthew Benning for High sticking.
14:49 of 3rd period - Mika Zibanejad wins face-off versus Mikael Granlund in New York Rangers zone.
15:00 of 3rd period - Snap shot by Mika Zibanejad.
15:00 of 3rd period - Goal by Mika Zibanejad - Detroit Red Wings : 3 - New York Rangers : 3.
15:01 of 3rd period - Joe Pavelski wins face-off versus Mika Zibanejad in neutral zone.
15:04 of 3rd period - Snap shot by Adam Larsson.
15:04 of 3rd period - Shot Misses the Net.
15:16 of 3rd period - Slapshot by Matthew Boldy.
15:16 of 3rd period - Goal by Matthew Boldy - Detroit Red Wings : 4 - New York Rangers : 3.
15:17 of 3rd period - Mika Zibanejad wins face-off versus Joe Pavelski in neutral zone.
15:34 of 3rd period - Snap shot by Carter Verhaeghe.
15:34 of 3rd period - Stopped by Igor Shesterkin with a rebound.
15:50 of 3rd period - Slapshot by Cam Fowler.
15:50 of 3rd period - Shot Blocked by Jared McCann.
15:52 of 3rd period - Wrist shot by David Kampf.
15:52 of 3rd period - Shot Misses the Net.
15:54 of 3rd period - Slapshot by Cam Fowler.
15:54 of 3rd period - Shot Misses the Net.
16:03 of 3rd period - Off-side.
16:04 of 3rd period - Dylan Strome wins face-off versus Christian Fischer in neutral zone.
16:09 of 3rd period - Wrist shot by Artemi Panarin.
16:09 of 3rd period - Shot Blocked by MacKenzie Weegar.
16:11 of 3rd period - Snap shot by Artemi Panarin.
16:11 of 3rd period - Shot Misses the Net.
16:21 of 3rd period - Snap shot by Nathan MacKinnon.
16:21 of 3rd period - Shot Blocked by Zachary Werenski.
16:57 of 3rd period - Snap shot by Nikolaj Ehlers.
16:57 of 3rd period - Stopped by Calvin Pickard without a rebound.
16:58 of 3rd period - Mika Zibanejad wins face-off versus Teuvo Teravainen in Detroit Red Wings zone.
17:05 of 3rd period - Wrist shot by Matthew Boldy.
17:05 of 3rd period - Shot Misses the Net.
17:07 of 3rd period - Slapshot by Matthew Boldy.
17:07 of 3rd period - Shot Misses the Net.
17:09 of 3rd period - Backhand shot by Zach Bogosian.
17:09 of 3rd period - Stopped by Igor Shesterkin with a rebound.
17:50 of 3rd period - Cam Fowler is hit by Mika Zibanejad and loses puck.
18:03 of 3rd period - Slapshot by Mikael Granlund.
18:03 of 3rd period - Shot Misses the Net.
18:11 of 3rd period - Conor Garland is hit by Brendan Gallagher and loses puck.
18:28 of 3rd period - Snap shot by Nathan MacKinnon.
18:28 of 3rd period - Goal by Nathan MacKinnon - Detroit Red Wings : 4 - New York Rangers : 4.
18:29 of 3rd period - Mika Zibanejad wins face-off versus Cole Caufield in neutral zone.
19:40 of 3rd period - Dylan Strome is hit by Raphael Lavoie and loses puck.
Goals for this period are 2 for Detroit Red Wings vs 1 for New York Rangers.
Shots for this period are 11 for Detroit Red Wings vs 3 for New York Rangers.
Overtime #1
0:01 of 1st overtime period - Teuvo Teravainen wins face-off versus Patrick Kane in neutral zone.
0:08 of 1st overtime period - Wrist shot by Nikolaj Ehlers.
0:08 of 1st overtime period - Stopped by Calvin Pickard without a rebound.
0:09 of 1st overtime period - Steven Stamkos wins face-off versus Teuvo Teravainen in Detroit Red Wings zone.
0:16 of 1st overtime period - Snap shot by Mathew Barzal.
0:16 of 1st overtime period - Stopped by Calvin Pickard with a rebound.
0:22 of 1st overtime period - Snap shot by Nikolaj Ehlers.
0:22 of 1st overtime period - Shot Misses the Net.
0:24 of 1st overtime period - Slapshot by Jake McCabe.
0:24 of 1st overtime period - Deflect By Teuvo Teravainen.
0:24 of 1st overtime period - Stopped by Calvin Pickard with a rebound.
0:26 of 1st overtime period - Snap shot by Nikolaj Ehlers.
0:26 of 1st overtime period - Stopped by Calvin Pickard with a rebound.
0:28 of 1st overtime period - Slapshot by Jake McCabe.
0:28 of 1st overtime period - Stopped by Calvin Pickard with a rebound.
0:30 of 1st overtime period - Slapshot by Jake McCabe.
0:30 of 1st overtime period - Shot Misses the Net.
0:32 of 1st overtime period - Snap shot by Mathew Barzal.
0:32 of 1st overtime period - Shot Misses the Net.
0:34 of 1st overtime period - Snap shot by Mathew Barzal.
0:34 of 1st overtime period - Shot Misses the Net.
0:36 of 1st overtime period - Slapshot by Jake McCabe.
0:36 of 1st overtime period - Shot Blocked by Patrick Kane.
0:36 of 1st overtime period - Patrick Kane from Detroit Red Wings is injured at 0:36 of 1st overtime period (Left Hip).
0:37 of 1st overtime period - Steven Stamkos wins face-off versus Teuvo Teravainen in Detroit Red Wings zone.
0:41 of 1st overtime period - Off-side.
0:42 of 1st overtime period - Steven Stamkos wins face-off versus Teuvo Teravainen in neutral zone.
0:47 of 1st overtime period - Slapshot by MacKenzie Weegar.
0:47 of 1st overtime period - Shot Blocked by Teuvo Teravainen.
0:57 of 1st overtime period - Wrist shot by Nikolaj Ehlers.
0:57 of 1st overtime period - Stopped by Calvin Pickard without a rebound.
0:58 of 1st overtime period - Mika Zibanejad wins face-off versus Dylan Strome in Detroit Red Wings zone.
1:24 of 1st overtime period - Adam Larsson is hit by Jared McCann and loses puck.
2:05 of 1st overtime period - Wrist shot by Matthew Benning.
2:05 of 1st overtime period - Shot Blocked by Daniel Sprong.
2:07 of 1st overtime period - Slapshot by Dmitry Kulikov.
2:07 of 1st overtime period - Shot Misses the Net.
2:09 of 1st overtime period - Slapshot by David Kampf.
2:09 of 1st overtime period - Stopped by Calvin Pickard without a rebound.
2:10 of 1st overtime period - Steven Stamkos wins face-off versus David Kampf in Detroit Red Wings zone.
2:15 of 1st overtime period - Slapshot by Conor Garland.
2:15 of 1st overtime period - Shot Misses the Net.
2:17 of 1st overtime period - Wrist shot by Conor Garland.
2:17 of 1st overtime period - Stopped by Calvin Pickard without a rebound.
2:18 of 1st overtime period - Steven Stamkos wins face-off versus Teuvo Teravainen in Detroit Red Wings zone.
2:23 of 1st overtime period - Mathew Barzal is hit by Raphael Lavoie and loses puck.
2:46 of 1st overtime period - Snap shot by Cole Caufield.
2:46 of 1st overtime period - Shot Misses the Net.
2:48 of 1st overtime period - Snap shot by Mikael Granlund.
2:48 of 1st overtime period - Shot Misses the Net.
3:08 of 1st overtime period - Raphael Lavoie is hit by Adam Larsson.
4:06 of 1st overtime period - Wrist shot by Brendan Gallagher.
4:06 of 1st overtime period - Stopped by Igor Shesterkin without a rebound.
4:07 of 1st overtime period - Kevin Stenlund wins face-off versus Artemi Panarin in New York Rangers zone.
4:08 of 1st overtime period - Snap shot by Brendan Gallagher.
4:08 of 1st overtime period - Stopped by Igor Shesterkin without a rebound.
4:09 of 1st overtime period - Dylan Strome wins face-off versus Kevin Stenlund in New York Rangers zone.
4:14 of 1st overtime period - Snap shot by Artemi Panarin.
4:14 of 1st overtime period - Shot Misses the Net.
4:26 of 1st overtime period - Snap shot by Artemi Panarin.
4:26 of 1st overtime period - Deflect By Nathan MacKinnon.
4:26 of 1st overtime period - Shot Misses the Net.
4:26 of 1st overtime period - Puck is out of play.
4:27 of 1st overtime period - Teuvo Teravainen wins face-off versus Mika Zibanejad in Detroit Red Wings zone.
4:36 of 1st overtime period - Snap shot by Nikolaj Ehlers.
4:36 of 1st overtime period - Shot Misses the Net.
4:44 of 1st overtime period - Brendan Smith is hit by Carter Verhaeghe and loses puck.
5:18 of 1st overtime period - Steven Stamkos is hit by Conor Garland and loses puck.
5:27 of 1st overtime period - Slapshot by Conor Garland.
5:27 of 1st overtime period - Stopped by Calvin Pickard with a rebound.
6:25 of 1st overtime period - Slapshot by Artemi Panarin.
6:25 of 1st overtime period - Goal by Artemi Panarin - Detroit Red Wings : 4 - New York Rangers : 5.
Goals for this period are 0 for Detroit Red Wings vs 1 for New York Rangers.
Shots for this period are 2 for Detroit Red Wings vs 10 for New York Rangers.
Back to the Top